 Dungeon Crawl Stone Soup version 0.28-a0-1339-ga5422284a4 (webtiles) character file.

Game seed: 12973382322743134625

94476 porpoise the Thaumaturge (level 15, -11/90 HPs)
             Began as a Deep Elf Conjurer on Dec 28, 2021.
             Was a High Priest of Vehumet.
             Mangled by a ghost moth (12 damage)
             ... on level 1 of the Spider Nest on Dec 29, 2021.
             The game lasted 03:15:35 (38752 turns).

porpoise the Thaumaturge (Deep Elf Conjurer)       Turns: 38752, Time: 03:15:36

Health: -11/90     AC: 12    Str: 13      XL:     15   Next: 63%
Magic:  0/35       EV: 14    Int: 32 (33) God:    Vehumet [*****.]
Gold:   2479       SH:  5    Dex: 13      Spells: 2/42 levels left

rFire   + . .      SeeInvis .   b - +6 hunting sling (freeze)
rCold   + . .      Faith    .   U - +0 buckler
rNeg    + + .      Spirit   .   h - +3 leather armour of the Cockatrice {rPois rC+ rN+ Will+}
rPois   +          Reflect  .   e - +1 helmet
rElec   .          Harm     .   A - +0 cloak
rCorr   .          Rampage  .   B - +0 pair of gloves of Snakes and Ladders {Drain rN+ Regen+ Str+5}
Will    ++...                   z - +0 pair of boots
Stlth   +++++.....              J - amulet of magic regeneration
HPRegen 1.05/turn               j - +6 ring of intelligence
MPRegen 0.64/turn               I - ring of protection from fire

@: no status effects
A: no striking features
a: Renounce Religion


You were on level 1 of the Spider Nest.
You worshipped Vehumet.
Vehumet was extremely pleased with you.
You visited 5 branches of the dungeon, and saw 24 of its levels.
You also visited: Bailey and Ice Cave.

You collected 3463 gold pieces.
You spent 984 gold pieces at shops.

Inventory:

Hand Weapons
 b - a +6 hunting sling of freezing (weapon)
Missiles
 u - 118 sling bullets (quivered ammo)
 O - 6 curare-tipped darts
 Q - 8 datura-tipped darts
Armour
 e - a +1 helmet (worn)
 h - the +3 leather armour of the Cockatrice (worn) {rPois rC+ rN+ Will+}
   (You bought it in a shop on level 5 of the Dungeon)

   rC:        It protects you from cold.
   rPois:     It protects you from poison.
   rN:        It protects you from negative energy.
   Will:      It increases your willpower.
 z - a +0 pair of boots (worn)
 A - a +0 cloak (worn)
 B - the +0 pair of gloves of Snakes and Ladders (worn) {Drain rN+ Regen+ Str+5}
   (You found it on level 12 of the Dungeon)

   Str:       It affects your strength (+5).
   rN:        It protects you from negative energy.
   Regen:     It increases your rate of health regeneration.
   Drain:     It drains your maximum health when unequipped.
 U - a +0 buckler (worn)
Magical Staves
 a - a staff of poison
 q - a staff of earth
 w - a staff of fire
Jewellery
 j - a +6 ring of intelligence (left hand)
 I - a ring of protection from fire (right hand)
 J - an amulet of magic regeneration (around neck)
Wands
 d - a wand of digging (4)
 p - a wand of iceblast (9)
 v - a wand of charming (7)
 y - a wand of paralysis (11)
 E - a wand of flame (16)
 M - a wand of polymorph (7)
 T - a wand of mindburst (23)
Scrolls
 c - a scroll of fog
 n - 3 scrolls of magic mapping
 s - 2 scrolls of fear
 t - 3 scrolls of identify
 G - a scroll of holy word
 K - 3 scrolls of vulnerability
Potions
 f - 14 potions of curing
 i - 4 potions of heal wounds
 k - 6 potions of attraction
 l - 2 potions of cancellation
 m - 6 potions of flight
 r - 2 potions of resistance
 D - 4 potions of lignification
 X - 4 potions of haste
Miscellaneous
 H - a condenser vane
 R - a lightning rod (4/4)
 W - a phantom mirror


   Skills:
 - Level 9.0 Fighting
 - Level 5.0 Armour
 - Level 7.0 Dodging
 - Level 12.0 Stealth
 - Level 4.0 Shields
 - Level 14.0 Spellcasting
 - Level 9.0 Conjurations
 * Level 11.2 Hexes
 - Level 7.0 Necromancy
 - Level 7.0 Translocations
 - Level 5.0 Transmutations
 - Level 5.0 Fire Magic
 - Level 9.0 Earth Magic
 - Level 9.0 Poison Magic
 - Level 9.0 Evocations


You had 2 spell levels left.
You knew the following spells:

 Your Spells              Type           Power      Damage    Failure   Level
a - Magic Dart            Conj           100%       1d8       1%          1
b - Searing Ray           Conj           100%       2d8       1%          2
c - Fulminant Prism       Conj/Hex       36%        3d18      1%          4
d - Iskenderun's Mystic   Conj/Tloc      65%        2d13      1%          4
f - Fireball              Conj/Fire      30%        3d13      1%          5
i - Ignite Poison         Fire/Tmut/Pois 58%        N/A       1%          3
l - Lee's Rapid Deconstr  Erth           34%        3d18*     1%          5
n - Enfeeble              Hex            38%        N/A       22%         7
s - Stone Arrow           Conj/Erth      100%       3d13      1%          3
u - Sublimation of Blood  Necr           61%        N/A       1%          2
x - Olgreb's Toxic Radia  Pois           68%        N/A       1%          4

Your spell library contained the following spells:

 Spells                   Type           Power      Damage    Failure   Level
 Conjure Ball Lightning   Conj/Air       25%        3x3d7     16%         6
 Apportation              Tloc           100%       N/A       1%          1
 Freeze                   Ice            88%        1d10      1%          1
 Pain                     Necr           100%       1d9       1%          1
 Ensorcelled Hibernation  Hex/Ice        100%       N/A       1%          2
 Passwall                 Tmut/Erth      50%        N/A       1%          2
 Wereblood                Tmut           53%        N/A       1%          2
 Call Imp                 Summ           22%        N/A       3%          2
 Dazzling Flash           Conj/Hex       100%       N/A       1%          3
 Mephitic Cloud           Conj/Pois/Air  57%        N/A       1%          3
 Tukima's Dance           Hex            76%        N/A       1%          3
 Hailstorm                Conj/Ice       50%        3d11      1%          4
 Leda's Liquefaction      Hex/Erth       36%        N/A       1%          4
 Petrify                  Tmut/Erth      61%        N/A       1%          4
 Frozen Ramparts          Ice            44%        1d6       2%          3
 Agony                    Necr           61%        N/A       3%          5
 Alistair's Intoxication  Tmut/Pois      40%        N/A       3%          5
 Excruciating Wounds      Necr           30%        N/A       3%          5
 Freezing Cloud           Conj/Ice/Air   20%        6-21      5%          5
 Starburst                Conj/Fire      30%        6d9       6%          6
 Metabolic Englaciation   Hex/Ice        27%        N/A       7%          5
 Swiftness                Air            22%        N/A       8%          3
 Ice Form                 Ice/Tmut       38%        N/A       9%          4
 Statue Form              Tmut/Erth      40%        N/A       22%         6
 Simulacrum               Ice/Necr       22%        N/A       65%         6
 Ozocubu's Refrigeration  Ice            11%        4d7       99%         7
 Ignition                 Fire           26%        3d9       99%         8
 Summon Hydra             Summ           11%        N/A       100%        7


Dungeon Overview and Level Annotations

Branches:
Dungeon (15/15)            Temple (1/1) D:6            Lair (5/6) D:9
 Shoals (0/4) Lair:3       Spider (1/4) Lair:3        Slime (0/5) Lair:5
    Orc (2/2) D:11            Elf (0/3) Orc:2        Vaults (0/5) D:13
 Depths (0/4) D:15         Bailey (visited)           IceCv (visited)

Altars:
Dithmenos
Elyvilon
Gozag
Kikubaaqudgha
Makhleb
Nemelex Xobeh
Ru
Sif Muna
Vehumet
The Shining One
Beogh
Jiyva

Shops:
D:4 !   D:5 [   D:6 =   D:13 :   Orc:2 (((!(


Message History

Search for what [? for help]? sinv Can't find anything matching that.
You feel you are being watched by something.
You feel your power leaking away. Something hits you but does no damage.
Deactivating autopickup; reactivate with Ctrl-A.
Something hits you but does no damage. Something stings you.
Your fulminant prism explodes!
The blast of energy engulfs something!!
As you read the scroll of fog, it crumbles to dust.
The scroll dissolves into smoke.
You feel you are being watched by something.
You feel your power leaking away. Something hits you! Something hits you.
Something stings you.
Aiming: Mindburst
Press: ? - help, Shift-Dir - straight line
Aim: Disturbance (blue smoke) Something's mind is blasted!!
Something hits you.
You feel dopey. Something hits you but does no damage.
Something barely misses you.
Aiming: Iceblast
Press: ? - help, Shift-Dir - straight line The mass of ice explodes!
The iceblast engulfs something!
The iceblast engulfs you! You partially resist.
You feel you are being watched by something.
You feel your power leaking away. Something hits you! Something hits you.
Something stings you!
* * * LOW HITPOINT WARNING * * *
Okay, then.
Unknown command.
You feel much better. Something barely misses you. Something hits you!
You block something's attack.
You feel you are being watched by something.
You feel your power leaking away. Something hits you!
* * * LOW HITPOINT WARNING * * *
Something hits you!!
* * * LOW HITPOINT WARNING * * *
Something stings you!
You die...

##...#....#.....#..............#
.#...#....#....................##
.....#....#^....[.....^.........#
.....#...##......................
.....#...#..................)....
###......#.........#######....^..
#.^......#......####..#..##.#####
...............##§§^..#...###^.#
#..............#@§§...#...#....##
##.............#§{§...#.^.#.....#
#####.........##§§§...........###
≈##.##........#..................
≈##...........#.................^
≈≈#.......^.^......^.............
≈##...........................###
###...........####...........(...
###..........^...###.........###.


There were no monsters in sight!

Vanquished Creatures
  2 azure jellies (IceCv)
  An orc warlord (Orc:1)
  A broodmother (Spider:1)
  A quicksilver ooze (IceCv)
  2 spark wasps (Spider:1)
  Snorg (Orc:1)
  A fire dragon (D:15)
  Fannar (Orc:1)
  4 hydras
  An ice dragon (D:15)
  2 vault guards (D:13)
  4 boulder beetles
  3 two-headed ogres
  3 centaur warriors (D:14)
  3 death yaks (Lair:4)
  2 tengu warriors
  2 death knights
  3 orc high priests (Orc:2)
  Sonja (D:12)
  A fire crab (D:15)
  2 pharaoh ants
  3 orb spiders
  4 orc sorcerers
  8 ugly things
  A necromancer (Lair:4)
  5 orc knights
  3 deep elf pyromancers
  3 cyclopes
  A manticore (D:15)
  A wolf spider (Spider:1)
  6 elephants
  Maurice (Orc:2)
  4 black mambas
  An ice statue (IceCv)
  13 cane toads
  A demonic crawler (Spider:1)
  A kobold demonologist (D:11)
  3 torpor snails
  A gargoyle (D:12)
  An efreet (D:15)
  5 rime drakes
  15 komodo dragons
  A tengu conjurer (D:13)
  5 entropy weaver simulacra (IceCv)
  8 trolls
  2 polar bears
  3 meliai (Spider:1)
  2 hornets (D:9)
  7 tarantellas
  Grinder (D:5)
  27 slime creatures
  5 dream sheep (Lair:4)
  6 jumping spiders (Spider:1)
  A centaur simulacrum (D:15)
  A water elemental (D:14)
  A shadow (D:12)
  4 wraiths
  7 culicivoras (Spider:1)
  2 vampires
  3 wyverns
  8 humans (D:13)
  Eustachio (D:4)
  66 yaks
  A steam dragon (D:8)
  3 basilisks (Lair:5)
  6 redbacks (Spider:1)
  Menkaure (D:4)
  6 wargs
  A demonic crawler simulacrum (IceCv)
  An acid dragon (D:13)
  12 water moccasins
  Duvessa (D:7)
  A hornet zombie (D:7)
  A sky beast (D:7)
  3 black bears
  10 ogres
  21 orc warriors
  2 necrophages (D:11)
  6 ugly thing simulacra (IceCv)
  4 wolves (Lair:4)
  12 centaurs
  6 kobold brigands
  12 bullfrogs
  A wyvern zombie (D:5)
  2 glowing shapeshifter simulacra (IceCv)
  2 gnoll sergeants
  A water moccasin zombie (D:6)
  5 scorpions
  Dowan (D:7)
  A water moccasin skeleton (D:5)
  4 killer bees
  10 wights
  8 electric eels
  2 howler monkeys (D:10)
  6 centaur zombies
  2 jellies
  22 orc priests
  2 centaur skeletons (D:7)
  21 orc wizards
  Terence (D:2)
  An iguana (D:5)
  5 hell rats (Lair:2)
  A yak simulacrum (Lair:4)
  2 polar bear simulacra (Lair:4)
  4 wolf simulacra (Lair:4)
  3 mummies (D:11)
  A howler monkey zombie (D:11)
  13 gnolls
  2 adders
  2 shadow imps (D:7)
  2 white imps
  2 ufetubi
  An adder skeleton (D:4)
  4 dart slugs
  3 worms
  74 orcs
  9 endoplasms
  5 giant cockroaches
  8 hobgoblins
  2 jackals (D:3)
  33 kobolds
  8 quokkas
  6 ball pythons
  6 bats
  21 goblins
  7 rats
  4 river rat simulacra (Lair:4)
  2 fulminant prisms
715 creatures vanquished.

Vanquished Creatures (others)
  2 humans (D:13)
  A bush (Lair:5)
  184 fulminant prisms
  33 fungi
  54 plants
  5 withered plants (D:11)
279 creatures vanquished.

Grand Total: 994 creatures vanquished

Notes
Turn   | Place    | Note
-------+----------+-------------------------------------------
     0 | D:1      | porpoise the Deep Elf Conjurer began the quest for the Orb.
     0 | D:1      | Reached XP level 1. HP: 10/10 MP: 6/6
    40 | D:1      | Found a faded altar of an unknown god.
   281 | D:1      | Reached XP level 2. HP: 15/15 MP: 5/8
   310 | D:1      | Learned a level 2 spell: Searing Ray
  1049 | D:2      | Noticed Terence
  1054 | D:2      | Killed Terence
  1055 | D:2      | Reached skill level 4 in Spellcasting
  1055 | D:2      | Reached skill level 5 in Conjurations
  1055 | D:2      | Reached XP level 3. HP: 1/19 MP: 1/10
  1569 | D:2      | Reached XP level 4. HP: 24/24 MP: 8/12
  1928 | D:2      | Found a shimmering blue altar of Sif Muna.
  2448 | D:3      | Learned a level 4 spell: Fulminant Prism
  2453 | D:3      | Learned a level 4 spell: Iskenderun's Mystic Blast
  2869 | D:3      | Reached skill level 1 in Hexes
  3486 | D:4      | Reached skill level 5 in Spellcasting
  3486 | D:4      | Reached XP level 5. HP: 11/28 MP: 9/14
  4274 | D:4      | Noticed Eustachio
  4276 | D:4      | Noticed Menkaure
  4299 | D:4      | Killed Eustachio
  4300 | D:4      | Reached skill level 6 in Spellcasting
  4300 | D:4      | Reached XP level 6. HP: 32/32 MP: 4/17
  4396 | D:4      | Killed Menkaure
  4470 | D:4      | Found Qaucres's Distillery.
  4478 | D:4      | Bought a potion of curing for 36 gold pieces
  4478 | D:4      | Bought a potion of curing for 36 gold pieces
  4478 | D:4      | Bought a potion of curing for 36 gold pieces
  5151 | D:4      | Learned a level 2 spell: Sublimation of Blood
  5173 | D:5      | Entered Level 5 of the Dungeon
  5405 | D:5      | Noticed Grinder
  5407 | D:5      | Paralysed by Grinder for 2 turns
  5416 | D:5      | Killed Grinder
  5417 | D:5      | Reached skill level 5 in Stealth
  5417 | D:5      | Reached skill level 7 in Spellcasting
  5417 | D:5      | Reached skill level 5 in Hexes
  5417 | D:5      | Reached XP level 7. HP: 4/36 MP: 6/19
  5712 | D:5      | Found Jauclueth's Armour Shop.
  5732 | D:5      | Reached skill level 1 in Translocations
  6412 | D:5      | Reached XP level 8. HP: 30/41 MP: 7/20
  6977 | D:6      | Found a staircase to the Ecumenical Temple.
  7033 | Temple   | Entered the Ecumenical Temple
  7068 | Temple   | Became a worshipper of Vehumet
  7375 | D:6      | Found a sparkling altar of Nemelex Xobeh.
  7596 | D:6      | Found Pizuazopto's Jewellery Shop.
  7736 | D:6      | You fall into a shaft and drop 2 floors!
  7736 | D:8      | Noticed a slime creature
  7736 | D:8      | Noticed a slime creature
  7736 | D:8      | Noticed a slime creature
  7736 | D:8      | Noticed a slime creature
  7754 | D:7      | Reached skill level 5 in Translocations
  8262 | D:7      | Reached skill level 1 in Evocations
  8357 | D:7      | Reached * piety under Vehumet
  8357 | D:7      | Offered knowledge of Freeze by Vehumet.
  8465 | D:7      | Noticed Duvessa
  8465 | D:7      | Noticed Dowan
  8474 | D:6      | Reached XP level 9. HP: 32/46 MP: 11/22
  8904 | D:7      | Reached skill level 1 in Fighting
  9055 | D:7      | Found a sacrificial altar of Ru.
  9068 | D:7      | Reached skill level 8 in Spellcasting
  9175 | D:7      | Found a shadowy altar of Dithmenos.
 10498 | D:7      | Killed Dowan
 10499 | D:7      | Reached skill level 9 in Spellcasting
 10502 | D:7      | Killed Duvessa
 11396 | D:8      | Reached skill level 5 in Fighting
 11401 | D:8      | Reached skill level 5 in Evocations
 11401 | D:8      | Reached XP level 10. HP: 59/59 MP: 8/25
 11762 | D:9      | Offered knowledge of Scorch by Vehumet.
 11835 | D:9      | Found a staircase to the Lair.
 11912 | D:9      | Reached ** piety under Vehumet
 12046 | D:9      | Reached skill level 10 in Spellcasting
 12161 | D:9      | Reached skill level 5 in Dodging
 12163 | D:9      | Noticed a white ugly thing
 12178 | D:9      | Killed a white ugly thing
 12532 | D:9      | Reached skill level 11 in Spellcasting
 12789 | D:10     | Entered Level 10 of the Dungeon
 12909 | D:10     | Reached XP level 11. HP: 36/64 MP: 9/28
 12913 | D:10     | Noticed a two-headed ogre
 12920 | D:10     | Killed a two-headed ogre
 12921 | D:10     | Reached skill level 12 in Spellcasting
 13115 | D:10     | Found a flagged portal.
 13127 | Bailey   | Entered a bailey
 13167 | Bailey   | Offered knowledge of Ignite Poison by Vehumet.
 13671 | Bailey   | Found an iron altar of Okawaru.
 13714 | D:10     | Learned a level 3 spell: Ignite Poison
 13745 | D:10     | Reached *** piety under Vehumet
 14534 | Lair:1   | Entered Level 1 of the Lair of Beasts
 14945 | Lair:1   | Reached skill level 10 in Stealth
 15025 | Lair:1   | Offered knowledge of Stone Arrow by Vehumet.
 15139 | D:9      | Learned a level 3 spell: Stone Arrow
 15290 | Lair:1   | Reached skill level 1 in Earth Magic
 16249 | Lair:1   | Learned a level 5 spell: Lee's Rapid Deconstruction
 16304 | Lair:2   | Identified a scroll of acquirement
 16413 | D:5      | Bought the +3 leather armour of the Cockatrice {rPois rC+
                  | rN+ Will+} for 585 gold pieces
 16530 | Lair:2   | Reached XP level 12. HP: 71/72 MP: 24/30
 16530 | Lair:2   | Reached **** piety under Vehumet
 17064 | Lair:1   | Offered knowledge of Conjure Flame by Vehumet.
 17065 | Lair:1   | Reached skill level 1 in Armour
 17248 | Lair:2   | Reached skill level 1 in Necromancy
 17888 | Lair:2   | You fall into a shaft and drop 1 floor!
 17929 | Lair:2   | Learned a level 7 spell: Enfeeble
 18422 | Lair:3   | Noticed an eight-headed hydra
 18427 | Lair:3   | Killed an eight-headed hydra
 18705 | Lair:3   | Found a hole to the Spider Nest.
 18850 | Lair:3   | Identified the +9 mace of Zoasoff {vorpal, rPois rF+ rN+
                  | Str-2}
 18898 | Lair:3   | Reached skill level 5 in Necromancy
 19284 | Lair:3   | Found a staircase to the Shoals.
 19314 | Lair:3   | Reached ***** piety under Vehumet
 19314 | Lair:3   | Offered knowledge of Olgreb's Toxic Radiance by Vehumet.
 19320 | Lair:3   | Learned a level 4 spell: Olgreb's Toxic Radiance
 19819 | Lair:4   | Found a frozen archway.
 19830 | IceCv    | Entered an ice cave
 20181 | IceCv    | Reached skill level 1 in Poison Magic
 20559 | IceCv    | Noticed a quicksilver ooze
 20675 | IceCv    | Killed a quicksilver ooze
 20676 | IceCv    | Reached XP level 13. HP: 76/76 MP: 20/31
 20827 | IceCv    | Reached skill level 5 in Earth Magic
 20837 | IceCv    | Reached skill level 5 in Armour
 21786 | IceCv    | Found a viscous altar of Jiyva.
 21786 | IceCv    | Noticed an azure jelly
 21799 | IceCv    | Noticed an azure jelly
 21974 | IceCv    | Killed an azure jelly
 21997 | IceCv    | Killed an azure jelly
 22147 | IceCv    | Identified the +3 robe of Nommuir {+Inv rN+ Dex+4}
 22150 | IceCv    | Got the Papyrus of the Glacier
 22154 | IceCv    | Got the ring "Zeidwa" {Ice Slay+5}
 22632 | Lair:4   | Reached skill level 5 in Poison Magic
 22953 | Lair:4   | Reached skill level 1 in Transmutations
 22953 | Lair:4   | Reached skill level 1 in Fire Magic
 24720 | Lair:5   | Offered knowledge of Spellforged Servitor by Vehumet.
 25500 | Lair:5   | Found a viscous altar of Jiyva.
 25509 | Lair:5   | Found a staircase to the Slime Pits.
 26224 | D:11     | Reached XP level 14. HP: 73/82 MP: 29/32
 26803 | D:11     | Reached skill level 5 in Transmutations
 26816 | D:11     | Found a staircase to the Orcish Mines.
 27019 | D:11     | Reached skill level 5 in Fire Magic
 27400 | D:12     | Noticed Sonja
 27406 | D:12     | Killed Sonja
 28557 | D:12     | Found a burning altar of Makhleb.
 28940 | D:12     | Identified the +0 pair of gloves of Snakes and Ladders
                  | {Drain rN+ Regen+ Str+5}
 29966 | D:13     | Identified the +0 pair of gloves "Quahorgh" {rF- rN+++
                  | rCorr Stlth-}
 30423 | D:13     | Found Ylagun's Book Emporium.
 30739 | D:13     | Offered knowledge of Iskenderun's Battlesphere by Vehumet.
 30969 | D:13     | Found a gate to the Vaults.
 31824 | D:14     | HP: 4/82 [tengu warrior/bolt (21)]
 32034 | D:14     | Reached skill level 13 in Spellcasting
 32384 | D:14     | Acquired the amulet "Biyhupa" {Reflect -Tele rElec rC++
                  | Str+2 SH+5}
 32386 | D:14     | Acquired 861 gold pieces
 32903 | D:15     | Entered Level 15 of the Dungeon
 32968 | D:15     | Found a white marble altar of Elyvilon.
 33340 | D:15     | Found a staircase to the Depths.
 34318 | D:15     | Learned a level 5 spell: Fireball
 34769 | Orc:1    | Entered Level 1 of the Orcish Mines
 34775 | Orc:1    | Reached XP level 15. HP: 88/88 MP: 30/34
 34776 | Orc:1    | Reached skill level 1 in Shields
 35043 | Orc:2    | Entered Level 2 of the Orcish Mines
 35045 | Orc:2    | Found Cenonun's Antique Weapon Boutique.
 35197 | Orc:2    | Noticed Maurice
 35204 | Orc:2    | Killed Maurice
 35595 | Orc:2    | Found a staircase to the Elven Halls.
 35859 | Orc:1    | Noticed Snorg
 35859 | Orc:1    | Noticed an orc warlord
 35872 | Orc:1    | Killed Snorg
 35874 | Orc:1    | Killed an orc warlord
 36766 | Orc:1    | Paralysed by an orc sorcerer for 6 turns
 36869 | Orc:1    | Noticed Fannar
 36873 | Orc:1    | Killed Fannar
 36874 | Orc:1    | Upgraded the game from 0.28-a0-1312-g71652a0310 to
                  | 0.28-a0-1339-ga5422284a4
 36883 | Orc:1    | Reached skill level 14 in Spellcasting
 36939 | Orc:1    | Offered knowledge of Conjure Ball Lightning by Vehumet.
 37070 | Orc:1    | Found Zaesuseh's Weapon Emporium.
 37462 | Orc:2    | Found Miarphimm's Antique Weapon Boutique.
 37462 | Orc:2    | Found Guuruext's Weapon Shoppe.
 37464 | Orc:2    | Found Vimofog's Distillery.
 37464 | Orc:2    | Found Ruyzon's Antique Weapon Shoppe.
 37474 | Orc:2    | Bought 2 potions of heal wounds for 170 gold pieces
 37482 | Orc:2    | Bought a runed hunting sling for 121 gold pieces
 37713 | Spider:1 | Entered Level 1 of the Spider Nest
 38009 | Spider:1 | Reached skill level 10 in Hexes
 38752 | Spider:1 | HP: 1/90 [something (22)]
 38752 | Spider:1 | Mangled by a ghost moth

Illustrated notes

Levels and vault maps discovered:
D:1:      minmay_arrival_checkered_box, layout_loops_ring,
          shapermc_ecumenical_altar_venn, minmay_crystal_room,
          due_unseen_surprise
D:2:      layout_loops_corners, serial_forest, infiniplex_forest_lined_3_way,
          infiniplex_forest_lined_corner, infiniplex_forest_clump_large,
          infiniplex_forest_corner_2, infiniplex_forest_end_3,
          infiniplex_forest_lined_room_3, infiniplex_forest_clump_medium,
          basic_altar, kennysheep_generic_room_6, uniq_terence
D:3:      kennysheep_the_goblin_king, layout_loops_cross, feat_on_display
D:4:      minmay_diamond_boxcup, layout_layer_cave, serial_shops,
          nicolae_shop_statue_plus, ebering_dispersal_statue_hall,
          corexii_hall_statues_s, uniq_robin, uniq_menkaure, uniq_eustachio
D:5:      nicolae_cairo_tiling_large_dashed, layout_basic, serial_shops, shop,
          uniq_grinder
D:6:      layout_gridville, general_overflow_altar,
          minmay_temple_entry_mini_moons, serial_shops, shop
D:7:      layout_layer_cave, grunt_dithmenos_shadows, overflow_temple_1_default,
          small_statue_intersection, amethyst_killhole, uniq_duvessa
D:8:      layout_rooms
D:9:      layout_small_grid, erik_lair_orcish_takeover, chequers_mini_garden
D:10:     layout_irregular_city, enter_bailey_4
D:11:     layout_roguey, minmay_orc_entry_temple_small, serial_undead,
          serial_undead_a, serial_undead_c, serial_undead_b, serial_undead_d
D:12:     layout_long_grid, minivault_26, bloody_makhleb, uniq_sonja
D:13:     layout_grid_maze, ximxim_vaults_locker_room, serial_shops,
          kennysheep_little_box
D:14:     layout_small_grid, chequers_serial_rivers_room_a, serial_bayou,
          serial_bayou_pond_e, serial_bayou_ford_a, serial_bayou_pond_b,
          serial_bayou_pond_c, serial_bayou_lagoon_a, st_stairs_3
D:15:     grunt_enter_depths_hoard, layout_gridville, elyvilon_altar_5
Temple:   mainiacjoe_temple_bowtie_tessellation
Lair:1:   layout_regular_city
Lair:2:   layout_chaotic_city, beast_lair_carwin_11, lemuel_fruit_fields,
          infiniplex_staircase_pool_2
Lair:3:   layout_regular_city, minmay_shoals_entry_centaurs,
          nicolae_spider_entry_orb_guardian, serial_bayou_shore_a
Lair:4:   layout_cave_shapes, portal_ice_cave_entry_pillars_2,
          eino_house_with_fridge, grunt_megastairs_5
Lair:5:   layout_roguey, dpeg_slime_entry_enclosed_altar,
          eino_small_chamber_without_monster
Spider:1: layout_spider_delve, nicolae_spider_webs_and_nodes,
          nicolae_spider_bzzzt
Orc:1:    lemuel_ogre_cave, layout_caves, serial_shops, nicolae_diamond_shop,
          uniq_fannar, uniq_snorg
Orc:2:    grunt_orc_tribal_feast, layout_caves, basic_altar, serial_shops,
          nicolae_shop_waterfront, uniq_maurice

Skill      XL: |  1  2  3  4  5  6  7  8  9 10 11 12 13 14 15 |
---------------+----------------------------------------------+-----
Stealth        | 3 4 5 6 7 8 10 12 | 12.0
Spellcasting   | 4 5 6 7 9 11 12 13 14 | 14.0
Conjurations   | 5 7 8 9 |  9.0
Hexes          | 2 3 5 6 7 9 11 | 11.2
Translocations | 2 5 7 |  7.0
Evocations     | 1 5 7 9 |  9.0
Fighting       | 5 7 8 9 |  9.0
Dodging        | 7 |  7.0
Earth Magic    | 3 4 7 9 |  9.0
Armour         | 4 5 |  5.0
Necromancy     | 5 7 |  7.0
Poison Magic   | 1 8 9 |  9.0
Transmutations | 4 5 |  5.0
Fire Magic     | 4 5 |  5.0
Shields        | 4 |  4.0

Action                   |  1- 3 |  4- 6 |  7- 9 | 10-12 | 13-15 || total
-------------------------+-------+-------+-------+-------+-------++-------
Melee: Short sword       |       |     2 |       |     3 |       ||     5
       Staff             |       |       |       |       |     1 ||     1
 Fire: Hunting sling     |       |    11 |    61 |   129 |   106 ||   307
Throw: Dart              |       |       |       |       |    10 ||    10
 Cast: Magic Dart        |    51 |    46 |     2 |       |     1 ||   100
       Searing Ray       |     5 |    32 |    65 |    70 |    45 ||   217
       Fulminant Prism   |       |       |    14 |    59 |   113 ||   186
       Iskenderun's Myst |       |       |     9 |    23 |    71 ||   103
       Stone Arrow       |       |       |       |    92 |   289 ||   381
       Sublimation of Bl |       |       |       |     7 |       ||     7
       Olgreb's Toxic Ra |       |       |       |     1 |    45 ||    46
       Ignite Poison     |       |       |       |       |    45 ||    45
       Fireball          |       |       |       |       |     2 ||     2
Evoke: Wand              |       |       |     2 |     7 |    11 ||    20
       Lightning rod     |       |       |       |       |     4 ||     4
       Condenser vane    |       |       |       |       |     1 ||     1
  Use: Scroll            |       |     8 |     6 |    11 |    12 ||    37
       Potion            |       |       |       |       |     6 ||     6
 Stab: Paralysed         |       |       |       |     3 |       ||     3
Armor: Robe              |       |     3 |     9 |     6 |       ||    18
       Leather armour    |       |       |       |     3 |    37 ||    40
Dodge: Dodged            |     1 |    13 |    75 |    90 |    94 ||   273
Block: Buckler           |       |       |       |       |     6 ||     6

Table legend: (Time is in decaauts)
 A = Elapsed time spent in this place.
 B = Non-inter-level travel time spent in this place.
 C = Inter-level travel time spent in this place.
 D = Time resting spent in this place.
 E = Time spent auto-exploring this place.
 F = Levels seen in this place.
 G = Mean time per level.
                   A        B        C        D        E       F      G
               +--------+--------+--------+--------+--------+-----+--------+
         Total |  38919 |  36679 |   2240 |  17813 |  12644 |  26 | 1496.9 |
       Dungeon |  23115 |  21504 |   1611 |   9985 |   8556 |  15 | 1541.0 |
        Temple |     60 |     35 |     25 |      0 |     26 |   1 |   60.0 |
          Lair |   8965 |   8475 |    490 |   3825 |   3267 |   5 | 1793.0 |
   Spider Nest |    920 |    914 |      6 |    342 |    153 |   1 |  920.0 |
  Orcish Mines |   2783 |   2676 |    107 |   1380 |    503 |   2 | 1391.5 |
        Bailey |    593 |    593 |      0 |    325 |      0 |   1 |  593.0 |
      Ice Cave |   2480 |   2480 |      0 |   1955 |    138 |   1 | 2480.0 |
               +--------+--------+--------+--------+--------+-----+--------+

Top non-repeatable levels by time:
   IceCv: 2480 daAuts
  Lair:1: 2271 daAuts
    D:12: 2191 daAuts
     D:7: 2081 daAuts
  Lair:4: 2063 daAuts
    D:11: 1916 daAuts
     D:5: 1865 daAuts
  Lair:3: 1769 daAuts
   Orc:2: 1755 daAuts
    D:14: 1635 daAuts
    D:13: 1584 daAuts
     D:4: 1539 daAuts
     D:2: 1479 daAuts
  Lair:2: 1473 daAuts
     D:9: 1471 daAuts
